Map: Chantier naval orbital

Players

NetterMizuno - Winner!

  • Race: Protoss Protoss
  • League: Grandmaster

AgCl

  • Race: Protoss Protoss
  • League: Grandmaster

VOD

Have the link to the VOD?

Description

Time

  • Played on: July 14, 2015, 1:47 a.m.
  • Length: 5:33
Show
View Real Time Build Order
Export as new Build Order

NetterMizuno Protoss - Winner!

Build Orders:  

Get SALT Encoding   

  12  0:01  Probe  
  13  0:13  Probe  
  14  0:18  Pylon  
  14  0:36  Probe  
  14  0:37  Gateway  
  14  0:40  Assimilator  
  15  0:48  Probe (Chrono Boost)  
  16  1:00  Probe (Chrono Boost)  
  17  1:06  Probe (Chrono Boost)  
  18  1:12  Assimilator  
  18  1:25  Cybernetics Core  
  18  1:32  Probe  
  19  1:34  Gateway  
  19  1:44  Probe  
  20  1:56  Probe  
  21  2:04  Warp Gate (Chrono Boost)  
  21  2:08  Pylon  
  21  2:26  Mothership Core, Adept x2  
  27  2:55  Pylon  
  27  2:57  Gateway  
  27  3:04  Adept  
  29  3:09  Gateway  
  29  3:13  Adept  
  29  3:14  Pylon  
  29  3:59  Stalker x2  
  29  4:00  Stalker  
  35  4:16  Stalker  
  37  4:23  Adept  
  37  4:24  Adept x2  
  43  4:52  Pylon  
  41  4:57  Stalker x2  
  31  5:16  Adept x2  
  35  5:26  Stalker x2  
Show
View Real Time Build Order
Export as new Build Order

AgCl Protoss 

Build Orders: Oracle Opening, Phoenix Opening 

Get SALT Encoding   

  12  0:01  Probe  
  13  0:21  Pylon  
  13  0:42  Probe  
  14  0:50  Gateway, Assimilator  
  14  0:54  Probe, Assimilator  
  15  1:02  Pylon  
  15  1:09  Probe (Chrono Boost)  
  17  1:20  Probe (Chrono Boost)  
  17  1:26  Probe  
  18  1:38  Cybernetics Core, Probe (Chrono Boost)  
  19  1:49  Probe (Chrono Boost)  
  20  1:55  Probe  
  21  2:08  Probe  
  22  2:16  Warp Gate (Chrono Boost)  
  22  2:17  Nexus  
  22  2:28  Stargate  
  22  2:36  Mothership Core (Chrono Boost)  
  24  2:53  Gateway  
  24  2:58  Pylon  
  24  3:00  Probe  
  25  3:11  Oracle (Chrono Boost)  
  28  3:21  Robotics Facility  
  29  3:31  Probe  
  29  3:32  Pylon  
  29  3:50  Phoenix  
  29  3:52  Probe (Chrono Boost)  
  29  3:53  Probe (Chrono Boost)  
  35  4:02  Probe x2 (Chrono Boost)  
  35  4:08  Assimilator  
  35  4:09  Probe x2, Observer (Chrono Boost)  
  40  4:27  Immortal (Chrono Boost)  
  40  4:30  Stalker  
  44  4:35  Stalker  
  46  4:42  Probe  
  46  4:43  Probe  
  48  4:46  Pylon  
  45  5:17  Probe  
  40  5:24  Pylon  
Tags
 
Add a new tag
Caveats
  • Supply blocks, unpowered buildings, or Contaminate may cause inaccurate times.
  • Supply counts are checked every 10 seconds.